Unix NetHack Version 5.0.0-0 post-release - last build Jun 10 2026 00:39:30 (3ee93aec679c4c4259841fe613dc97188e26a321,branch:main).

Game began 2026-06-12 18:21:18, ended 2026-06-12 18:40:50.

Ch3Begorrah, chaotic male human Rogue

                                   ------------            -------.---
                                   |.......<..|            |.........|
                                 ##-...........############.....(....|
                                 # |..........|            |.........|
                  ------------   # |..........|            ------.----
                  |..........|#### |...`.......                ###
  ----------     #-..........|#    -----.------                #
  |........+    ##|.....`....|#         ##                     #
  |....`...|     #|...........#                            #####
  |......)..######|..........|                             #
  --------.-      ------------                          ####
          ##########                                   -&--------
                   ##################               ###-@.......|
                                   -.--------.--- ###  |&.......|
                                   |.>..........|##    |........|
                                   |............|#     |........|
                                   |.............#     |........|
                                   |............|      |........|
                                   --------------      ----------

Ch3Begorrah the Cutpurse  St:13 Dx:16 Co:17 In:8 Wi:9 Ch:10  Chaotic
Dlvl:1  $:6  HP:0(28) Pw:14(14) AC:9  Xp:3 T:1020 

Latest messages:
 The water demon picks up a +1 dagger.
 You are no longer invisible.
 This door is locked.
 Unlock it with your lock pick? [ynq] (q) y
 You succeed in picking the lock.
 The door resists!
 The door opens.
 In what direction? h
 The door resists!
 In what direction? h
 The door closes.
 What do you want to use or apply? [efjlNSV or ?*] e
 In what direction? h
 Lock it? [ynq] (q) y
 The water demon opens a door.
 You stop locking the door.
 What do you want to write with? [- bjk or ?*] -
 You write in the dust with your fingertip.
 What do you want to write in the dust here? ELbereth
 The water demon turns to flee.
 You are hit by a dagger.
 b - a +1 dagger (at the ready) (7 in total).
 What do you want to zap? [j or ?*] j
 In what direction? .
 Gee!  All of a sudden, you can't see yourself.
 What do you want to use or apply? [efjlNSV or ?*] f
 t - a scroll of light.
 What do you want to read? [tCNSV or ?*] t
 As you read the scroll, it disappears.
 A lit field surrounds you!
 What do you want to eat? [mp or ?*] ?
 Blecch!  Rotten food!
 You feel rather light headed.
 You finish eating the food ration.
 You feel less confused now.
 You kill the lichen!
 You are no longer invisible.
 You see here an empty unlocked chest.
 The water demon hits!
 The water demon hits!
 The water demon bites!
 What do you want to write with? [- bjk or ?*] -
 You write in the dust with your fingertip.
 What do you want to write in the dust here? Elbereth
 A water demon appears in a cloud of vapor!
 The water demon hits!
 The water demon hits!
 The water demon bites!
 You die...
 Do you want your possessions identified? [ynq] (y) q

Inventory:
 Coins    ('$')
  $ - 6 gold pieces
 Weapons  (')')
  b - 7 +1 daggers (at the ready)
  k - a blessed +1 long sword (weapon in right hand)
 Armor    ('[')
  q - a cursed -2 dwarvish cloak (being worn)
  c - an uncursed +1 leather armor (being worn)
 Comestibles  ('%')
  m - an uncursed slime mold
  p - 2 uncursed food rations
 Scrolls  ('?')
  C - 3 uncursed scrolls of teleportation
 Spellbooks  ('+')
  N - an uncursed novel named Raising Steam
  S - an uncursed spellbook of detect monsters
  V - an uncursed spellbook of remove curse
 Potions  ('!')
  d - an uncursed potion of sickness
 Wands    ('/')
  j - a wand of make invisible (0:2)
 Tools    ('(')
  f - an uncursed sack containing 23 items
  l - an uncursed bell
  e - an uncursed lock pick

Contents of the sack:
  2 uncursed scrolls of taming
  an uncursed scroll of food detection
  a cursed scroll of earth
  an uncursed scroll of earth
  a cursed scroll of create monster
  a cursed scroll of enchant armor
  a blessed scroll of blank paper
  an uncursed scroll of amnesia
  an uncursed scroll of amnesia
  an uncursed scroll of confuse monster
  an uncursed scroll of destroy armor
  a cursed scroll of destroy armor
  a cursed scroll of enchant weapon named cursed
  an uncursed scroll of genocide
  an uncursed scroll of genocide
  a blessed scroll of identify
  an uncursed scroll of identify
  2 cursed scrolls of identify
  a blessed scroll of light
  an uncursed scroll of light
  an uncursed scroll of magic mapping
  a cursed scroll of magic mapping
  3 uncursed scrolls of remove curse

Ch3Begorrah the Rogue's attributes:

Background:
 You were a Cutpurse, a level 3 male human Rogue.
 You were chaotic, nominally on a mission for Kos
 who was opposed by Issek (lawful) and Mog (neutral).
 You were right-handed.
 You were in the Dungeons of Doom, on level 1.
 You entered the dungeon 1020 turns ago.
 You had 49 experience points, 31 more were needed to attain level 4.

Basics:
 You had 0 out of 28 hit points.
 You had all 14 energy points (spell power).
 Your armor class was 9.
 Your wallet contained 6 zorkmids.
 Autopickup was on for '$!/(' plus thrown, with exceptions.

Final Characteristics:
 Your strength was 13 (peak:16, limit:18/100).
 Your dexterity was 16 (limit:18).
 Your constitution was 17 (limit:18).
 Your intelligence was 8 (limit:18).
 Your wisdom was 9 (limit:18).
 Your charisma was 10 (limit:18).

Final Status:
 You weren't hungry.
 You were unencumbered.
 You were wielding a long sword.
 You were unskilled in long sword.

Final Attributes:
 You were devoutly aligned.
 Your items were somewhat protected from fire.
 Your items were somewhat protected from cold.
 You would have confused monsters when hitting them.
 You were stealthy.
 You were warded.
 You are dead.

Miscellaneous:
 You didn't encounter any bones levels.
 Total elapsed playing time was 19 minutes and 32 seconds.

Major events:
 Turn
    1: Ch3Begorrah the chaotic male human Rogue entered the dungeon
  651: read a Discworld novel
  651: attained the rank of Cutpurse (level 3)
  744: stole 6305 zorkmids worth of merchandise from Lahinch's second-hand bookstore
 1020: killed by a water demon

You didn't know any spells.

Skills:
 Fighting Skills
   bare handed combat [Unskilled]
   two weapon combat  [Unskilled]
   riding             [Unskilled]
 Weapon Skills
   dagger             [Basic]
   knife              [Unskilled]
   short sword        [Basic]
   broadsword         [Unskilled]
   long sword         [Unskilled]
   two-handed sword   [Unskilled]
   saber              [Unskilled]
   club               [Unskilled]
   mace               [Unskilled]
   morning star       [Unskilled]
   flail              [Unskilled]
   hammer             [Unskilled]
   polearms           [Unskilled]
   spear              [Unskilled]
   crossbow           [Unskilled]
   dart               [Unskilled]
   shuriken           [Unskilled]
 Spellcasting Skills
   divination spells  [Unskilled]
   escape spells      [Unskilled]
   matter spells      [Unskilled]

Voluntary challenges:
 Character rerolling was not enabled.
 You followed a strict vegan diet.
 You were an atheist.
 You never genocided any monsters.
 You never polymorphed an object.
 You never changed form.
 You used no wishes.
Achievements:
 You entered a shop.
 You read from a Discworld novel.
 You attained the rank of Cutpurse.

 The Dungeons of Doom: levels 1 to 3
    Level 1: <- You were here.
       Final resting place for
          you, killed by a water demon.
    Level 2:
       A scroll shop, a fountain, a grave.
    Level 3:


Vanquished creatures:
  a little dog
  a hobbit
  a Keystone Kop
  a jackal
  a fox
  a kobold
  a sewer rat
  a grid bug
  3 lichens
  a newt
12 creatures vanquished.

No species were genocided or became extinct.

Game over:
                       ----------
                      /          \
                     /    REST    \
                    /      IN      \
                   /     PEACE      \
                  /                  \
                  |   Ch3Begorrah    |
                  |       6 Au       |
                  |   killed by a    |
                  |   water demon    |
                  |                  |
                  |                  |
                  |       2026       |
                 *|     *  *  *      | *
        _________)/\\_//(\/(/\)/\//\/|_)_______

Goodbye Ch3Begorrah the Rogue...

You died in The Dungeons of Doom on dungeon level 1 with 332 points,
and 6 pieces of gold, after 1020 moves.
You were level 3 with a maximum of 28 hit points when you died.

